 Dungeon Crawl Stone Soup version 0.30-a0-883-g5ad918d77d (webtiles) character file.

Game seed: 10239259286528167270

73 Aequonox the Firebug (level 4, 0/41 HPs)
             Began as an Ogre Fire Elementalist on Mar 17, 2023.
             Slain by an orc wizard
             ... wielding a +0 dagger
              (3 damage)
             ... on level 4 of the Dungeon.
             The game lasted 00:09:47 (3155 turns).

Aequonox the Firebug (Ogre Fire Elementalist)       Turns: 3155, Time: 00:09:48

Health: 0/41       AC:  3    Str: 14    XL:     4   Next: 27%
Magic:  8/8        EV: 10    Int: 16    God:
Gold:   69         SH:  0    Dex:  9    Spells: 8/9 levels left

rFire   . . .      SeeInvis .    c - staff of death
rCold   . . .      Faith    .    (no shield)
rNeg    + . .      Spirit   .    a - +0 robe
rPois   .          Reflect  .    (helmet restricted)
rElec   .          Rampage  .    (no cloak)
rCorr   .                        (gloves unavailable)
Will    .....                    (boots unavailable)
Stlth   +                        (no amulet)
HPRegen 0.26/turn                (no ring)
MPRegen 0.11/turn                (no ring)

@: confused
A: large, unfitting armour, tough skin 1
a: no special abilities


You were on level 4 of the Dungeon.
You visited 1 branch of the dungeon, and saw 4 of its levels.

You collected 69 gold pieces.

Inventory:

Missiles
 t - 3 silver javelins
Armour
 a - a +0 robe (worn)
 k - a +0 tower shield
Magical Staves
 c - a staff of death (weapon)
Jewellery
 l - a ring of wizardry
 p - a ring of protection from cold
Scrolls
 e - a scroll of identify
 h - 2 scrolls of blinking {unknown}
 m - a scroll of immolation
 n - a scroll of silence {unknown}
 q - a scroll of fog {unknown}
Potions
 b - a potion of magic
 f - a potion of flight {unknown}
 i - 2 potions of ambrosia {unknown}
 j - 2 potions of berserk rage {unknown}
 o - a potion of mutation {unknown}
 r - a potion of curing {unknown}
 s - a potion of haste {unknown}
 u - a potion of might {unknown}


   Skills:
 * Level 1.3 Fighting
 + Level 0.4 Staves
 + Level 2.3 Dodging
 - Level 1.4 Stealth
 * Level 0.7 Shields
 + Level 3.1 Spellcasting
 + Level 1.3 Conjurations
 + Level 3.2 Fire Magic


You had 8 spell levels left.
You knew the following spells:

 Your Spells              Type           Power      Damage    Failure   Level
a - Foxfire               Conj/Fire      36%        2x1d5     7%          1

Your spell library contained the following spells:

 Spells                   Type           Power      Damage    Failure   Level
 Scorch                   Fire           24%        2d6       8%          2
 Freeze                   Ice            8%         1d3       19%         1
 Inner Flame              Hex/Fire       7%         N/A       28%         3
 Kindle Blastsparks       Fire/Tloc/Air  10%        2d10      34%         3
 Hailstorm                Conj/Ice       4%         3d4       38%         3
 Frozen Ramparts          Ice            4%         1d1       50%         3
 Flame Wave               Conj/Fire      9%         2d6       56%         4


Dungeon Overview and Level Annotations

Branches:
Dungeon (4/15)
 Temple: D:4-7

Altars:
Cheibriados

Annotations:
D:4 Menkaure, Pikel


Innate Abilities, Weirdness & Mutations

You are too large for most types of armour.
You have tough skin. (AC +1)


Message History

Unknown command.
The ball python bites you but does no damage.
The orc wizard gestures wildly while chanting.
The orc wizard flickers and vanishes!
Deactivating autopickup; reactivate with Ctrl-A.
The sleepcap barely misses you.
The orc wizard hits you with a +0 dagger.
The ball python bites you but does no damage.
Something hits you.
The sleepcap releases spores at you but does no damage.
The orc wizard hits you with a +0 dagger.
The ball python bites you but does no damage.
The sleepcap releases spores at you but does no damage.
The orc wizard hits you with a +0 dagger.
The ball python bites you but does no damage.
The ball python bites you but does no damage.
The orc wizard hits you but does no damage.
The sleepcap releases spores at you.
You are engulfed in a cloud of soporific spores!
You fall asleep.
Something hits you.
You wake up.
Unknown command.
The ball python bites you. Something hits you. The sleepcap closely misses you.
The orc wizard points at you and mumbles some strange words.
You are more confused.
The ball python closely misses you. Something hits you.
The orc wizard misses you.
The sleepcap releases spores at you but does no damage.
Unknown command.
The ball python closely misses you. Something hits you.
The sleepcap releases spores at you!
* * * LOW HITPOINT WARNING * * *
The orc wizard hits you with a +0 dagger.
* * * LOW HITPOINT WARNING * * *
The ball python barely misses you.
Unknown command.
The sleepcap releases spores at you.
* * * LOW HITPOINT WARNING * * *
Something hits you.
You die...

*******,*,* *,* *,***#.#.^
*,,,..#.*,###,*##,***#.#.#
*,***.#.#,..,,...,,,,.....
*,*,,,...,..,....,,,*#.##.
*,*,*,#..,.##..,,,,,,..*#.
*,,,,,*..#....,,,,,,****#,
**#,****.o..#####**,* **,
#?* *#o{......<,,* **,,
*#.#* #@#.#.###******,,,
*###,#.####Sf......,,,,,,,,,
*,..###g..Mg....###******,,,
*,*#.#.####....## **,,
*,**#.## #....##**********,
*,###.# *#.......,,,,,,,,,,
*,#.g.# *.....###**********
*,#.### *...### *,, *,#M#
##...## *,*


You could see a sleepcap, Menkaure, an orc priest, an orc wizard, a hobgoblin
and a ball python.

Vanquished Creatures
  A gnoll (D:2)
  An adder (D:2)
  A worm (D:2)
  2 dart slugs
  5 ball pythons
  5 endoplasms
  2 giant cockroaches
  3 goblins
  5 hobgoblins
  5 jackals
  3 kobolds
  A quokka (D:1)
  2 bats (D:2)
  4 frilled lizards
  4 rats
44 creatures vanquished.

Vanquished Creatures (others)
  166 foxfires
166 creatures vanquished.

Grand Total: 210 creatures vanquished

Notes
Turn   | Place    | Note
-------+----------+-------------------------------------------
     0 | D:1      | Aequonox the Ogre Fire Elementalist began the quest for the
                  | Orb.
     0 | D:1      | Reached XP level 1. HP: 16/16 MP: 3/3
   319 | D:1      | Reached skill level 1 in Conjurations
   319 | D:1      | Reached XP level 2. HP: 24/24 MP: 0/5
  1465 | D:2      | Found a snail-covered altar of Cheibriados.
  1543 | D:2      | Reached XP level 3. HP: 31/31 MP: 5/7
  1577 | D:2      | HP: 1/31 [gnoll/+0 flail (7)]
  1987 | D:2      | Reached skill level 1 in Fighting
  2176 | D:2      | Reached XP level 4. HP: 41/41 MP: 5/8
  3084 | D:4      | Noticed a lemure
  3084 | D:4      | Noticed a lemure
  3084 | D:4      | Noticed Pikel
  3105 | D:4      | Noticed a lemure
  3120 | D:4      | Noticed Menkaure
  3155 | D:4      | Slain by an orc wizard

Illustrated notes

Levels and vault maps discovered:
D:1:      dpeg_arrival_leaves_temple_mockup, layout_basic
D:2:      minmay_spotlight, layout_rooms, basic_altar
D:3:      layout_basic, grunt_ministairs_8
D:4:      layout_loops_ring, lemuel_round_altar, grunt_temple_overflow_open,
          portal_sewer_entry_d, uniq_menkaure, uniq_pikel

Skill      XL: |  1  2  3 |
---------------+----------+-----
Conjurations   | 1 |  1.3
Dodging        | 2 |  2.3
Fire Magic     | 3 |  3.2
Fighting       | 1 |  1.3
Spellcasting   | 3 |  3.1
Staves         | |  0.4
Stealth        | |  1.4
Shields        | |  0.7

Action                     |  1- 3 |  4- 6 || total
---------------------------+-------+-------++-------
  Melee: Staff             |    63 |     3 ||    66
   Cast: Foxfire           |    68 |    34 ||   102
    Use: Potion            |     1 |     1 ||     2
         Scroll            |       |     4 ||     4
 Armour: Robe              |    22 |    22 ||    44
  Dodge: Dodged            |    47 |    36 ||    83
  Block: Tower shield      |    17 |       ||    17

Table legend: (Time is in decaauts)
 A = Elapsed time spent in this place.
 B = Non-inter-level travel time spent in this place.
 C = Inter-level travel time spent in this place.
 D = Time resting spent in this place.
 E = Time spent auto-exploring this place.
 F = Levels seen in this place.
 G = Mean time per level.
                   A        B        C        D        E       F      G
               +--------+--------+--------+--------+--------+-----+--------+
         Total |   3175 |   3083 |     92 |    728 |   1743 |   4 |  793.8 |
       Dungeon |   3175 |   3083 |     92 |    728 |   1743 |   4 |  793.8 |
               +--------+--------+--------+--------+--------+-----+--------+

Top non-repeatable levels by time:
     D:1: 1492 daAuts
     D:2: 1442 daAuts
     D:4: 139 daAuts
     D:3: 101 daAuts
